 Dungeon Crawl Stone Soup version 0.30-a0-305-g026cb31310 (webtiles) character file.

Game seed: 15463413205507153587

1 Lanoc the Chiller (level 1, 0/14 HPs)
             Began as a Draconian Ice Elementalist on Oct 21, 2022.
             Succumbed to a goblin's poison
             ... on level 1 of the Dungeon.
             The game lasted 00:00:20 (27 turns).

Lanoc the Chiller (Draconian Ice Elementalist)        Turns: 27, Time: 00:00:21

Health: 0/14       AC:  4    Str: 10    XL:     1   Next: 16%
Magic:  1/3        EV: 12    Int: 15    God:
Gold:   0          SH:  0    Dex: 11    Spells: 3/4 levels left

rFire   . . .      SeeInvis .    (no weapon)
rCold   . . .      Faith    .    (no shield)
rNeg    . . .      Spirit   .    (body armour unavailable)
rPois   .          Reflect  .    (helmet restricted)
rElec   .          Harm     .    (no cloak)
rCorr   .          Rampage  .    (no gloves)
Will    .....                    (no boots)
Stlth   ++........               (no amulet)
HPRegen 0.22/turn                (no ring)
MPRegen 0.08/turn                (no ring)

@: lethally poisoned (0 -> -7)
A: AC +4, unfitting armour, cold-blooded
a: no special abilities


You were on level 1 of the Dungeon.
You visited 1 branch of the dungeon, and saw 1 of its levels.

Inventory:

Scrolls
 b - a scroll of identify {unknown}
Potions
 a - a potion of magic


   Skills:
 + Level 1.8 Dodging
 - Level 1.7 Stealth
 - Level 2.0 Spellcasting
 * Level 4.0 Ice Magic


You had 3 spell levels left.
You knew the following spells:

 Your Spells              Type           Power      Damage    Failure   Level
a - Freeze                Ice            52%        1d6       4%          1

Your spell library contained the following spells:

 Spells                   Type           Power      Damage    Failure   Level
 Frozen Ramparts          Ice            26%        1d4       13%         3
 Ozocubu's Armour         Ice            13%        N/A       13%         3
 Summon Ice Beast         Ice/Summ       7%         N/A       67%         4


Dungeon Overview and Level Annotations

Branches:
Dungeon (1/15)

Altars:


Innate Abilities, Weirdness & Mutations

Your plain brown scales are hard. (AC +4)
You cannot fit into any form of body armour.
You are cold-blooded and may be slowed by cold attacks.


Message History

The bat completely misses you.
Found 16 gold pieces.
The bat hits you but does no damage. x2
Casting: Freeze (safe; 4% risk of failure)
Confirm with . or Enter, or press ? or * to list all spells.
Aiming: Freeze (safe; 4% risk of failure)
Press: ? - help, Shift-Dir - straight line, f/p - bat
Aim: a bat (severely wounded)
You freeze the bat.
You kill the bat!
The ball python hisses angrily.
A bat comes into view.
The rat closely misses you.
Casting: Freeze (safe; 4% risk of failure)
Confirm with . or Enter, or press ? or * to list all spells.
Aiming: Freeze (safe; 4% risk of failure)
Press: ? - help, Shift-Dir - straight line, f - rat
Aim: a rat You freeze the rat.
You kill the rat!
The goblin hits you with a +2 dagger of venom.
You are poisoned.
You feel sick. The bat hits you but does no damage.
The bat attacks as you move away! The bat hits you but does no damage.
You feel sick. The bat hits you. The goblin attacks as you move away!
The goblin closely misses you.
You feel sick.
Okay, then.
You feel sick. The bat closely misses you. The goblin attacks as you move away!
The goblin completely misses you.
You feel sick. The bat barely misses you. The ball python barely misses you. x2
You see here a +0 whip.
The goblin attacks as you move away! The goblin hits you but does no damage.
You are lethally poisoned!
* * * LOW HITPOINT WARNING * * *
You feel very sick. The bat closely misses you. The bat barely misses you.
The bat attacks as you move away! The bat barely misses you.
* * * LOW HITPOINT WARNING * * *
You feel sick. The bat barely misses you.
You die...

#............
#...........#
............#
............#
...............#
................# .
.............b....#....
........####S..@........
............g##+++##....
.............#.....#...#
.............#.....#...#
.......:.....#..<..#....
#.#...†......#.....#....
.............##'''## .
....#..............#
..?....##.##########


You could see a goblin, a bat and a ball python.

Vanquished Creatures
  A bat (D:1)
  A rat (D:1)
2 creatures vanquished.

Notes
Turn   | Place    | Note
-------+----------+-------------------------------------------
     0 | D:1      | Lanoc the Draconian Ice Elementalist began the quest for
                  | the Orb.
     0 | D:1      | Reached XP level 1. HP: 14/14 MP: 3/3
    27 | D:1      | Succumbed to a goblin's poison

Illustrated notes

Levels and vault maps discovered:
D:1:      dpeg_arrival_windows_large_door, layout_rooms, st_stairs_14

Action                   || total
-------------------------++-------
Melee: Unarmed           ||     1
 Cast: Freeze            ||     3
Armor: Skin              ||     8
Dodge: Dodged            ||    13

Table legend: (Time is in decaauts)
 A = Elapsed time spent in this place.
 B = Non-inter-level travel time spent in this place.
 C = Inter-level travel time spent in this place.
 D = Time resting spent in this place.
 E = Time spent auto-exploring this place.
 F = Levels seen in this place.
 G = Mean time per level.
                   A        B        C        D        E       F      G
               +--------+--------+--------+--------+--------+-----+--------+
         Total |     27 |     27 |      0 |      0 |      7 |   1 |   27.0 |
       Dungeon |     27 |     27 |      0 |      0 |      7 |   1 |   27.0 |
               +--------+--------+--------+--------+--------+-----+--------+

Top non-repeatable levels by time:
     D:1: 27 daAuts
